AoeStats
← Ux'RaúlME

Arabia

507183856Analyzed
1v1 RM · 16d ago on Sep 17, 2026· 40m 0s· 2 players
Game mode
Random Map
Map size
Tiny (2 player)
Population
200
Speed
Normal
Resources
Standard
Victory
Conquest
Starting age
Dark Age
Ending age
Imperial Age
RankedLock teamsTeams togetherTeam positionsShared explorationLock speedFull tech treeHidden civsTurbo modeCheats
Victory
Defeat
1450
+15
🇲🇽 Hindustanis · Mexico
1433
-15
Ux'RaúlME
7:01 Loom
9:29 Feudal Age
10:28 Double-Bit Axe
13:11 Wheelbarrow
16:39 Fletching
16:49 Padded Archer Armor
17:55 Town Watch
22:28 Castle Age
21:07 Gold Mining
21:52 Stone Mining
22:13 Horse Collar
33:15 Bow Saw
34:21 Heavy Plow
37:20 Imperial Age
35:13 Scale Mail Armor
35:52 Forging
36:49 Chain Mail Armor
36:38 Husbandry
37:07 Bloodlines
37:03 Scale Barding Armor
39:06 Two-Man Saw
38:49 Gold Shaft Mining
39:08 Chain Barding Armor
40:10 Iron Casting
leonardoandrade534312
6:04 Loom
9:09 Feudal Age
9:45 Double-Bit Axe
14:09 Fletching
21:37 Castle Age
20:29 Scale Barding Armor
22:14 Bodkin Arrow
21:42 Crossbowman
22:35 Bow Saw
23:28 Horse Collar
25:31 Stone Mining
26:01 Husbandry
27:09 Wheelbarrow
33:53 Imperial Age
33:43 Forging
36:11 Bracer
37:51 Chain Barding Armor
39:09 Plate Barding Armor
Connection lost

Rejoining the realm…

Still unreachable

The connection could not be restored.

Session expired

The server has moved on; the page needs a fresh start.